 Dungeon Crawl Stone Soup version 0.23-a0-29-g1be82e5 (webtiles) character file.

7845 camelman the Cleaver (level 11, -9/82 HPs)
             Began as a Minotaur Fighter on Aug 3, 2018.
             Was a Priest of Wu Jian.
             Mangled by a red ugly thing (19 damage)
             ... on level 11 of the Dungeon.
             The game lasted 00:54:00 (11330 turns).

camelman the Cleaver (Minotaur Fighter)            Turns: 11330, Time: 00:54:01

Health: -9/82      AC: 13    Str: 22    XL:     11   Next: 2%
Magic:  10/10      EV: 13    Int:  8    God:    Wu Jian [***...]
Gold:   407        SH: 11    Dex:  9    Spells: 10/10 levels left

rFire    . . .     SeeInvis .   l - +5 long sword
rCold    + . .     Gourm    .   c - +2 shield
rNeg     + . .     Faith    .   m - +2 ring mail {rPois}
rPois    +         Spirit   .   (helmet restricted)
rElec    .         Reflect  .   i - +0 cloak
rCorr    .         Harm     .   s - +0 pair of gloves
MR       +....                  A - +0 pair of boots of the End {rN+}
Stlth    ..........             (no amulet)
HPRegen  0.23/turn              n - ring of protection from magic
MPRegen  0.12/turn              (no ring)

@: about to teleport
A: retaliatory headbutt, horns 2, cold resistance 1, mutation resistance 1
a: Wall Jump, Serpent's Lash, Renounce Religion


You were on level 11 of the Dungeon.
You worshipped Wu Jian.
Wu Jian was most pleased with you.
You were not hungry.

You visited 2 branches of the dungeon, and saw 12 of its levels.
You also visited: Sewer.

You collected 607 gold pieces.
You spent 200 gold pieces at shops.

Inventory:

Hand Weapons
 a - a +0 war axe
 e - a +2 quarterstaff of chaos
 l - a +5 long sword (weapon)
 t - a +0 shortbow
 y - a +1 morningstar
 B - a +3 falchion of freezing
 F - a +5 great sword
 G - a cursed +1 flail of freezing
 H - a +2 flail
 I - the +6 rapier of War {flame, Dex+3, unknown}
   (You found it on level 10 of the Dungeon)

   It has been specially enchanted to burn those struck by it, causing extra
   injury to most foes and up to half again as much damage against particularly
   susceptible opponents.
   It affects your dexterity (+3).
 J - a +0 blowgun
Missiles
 u - 90 arrows
Armour
 c - a +2 shield (worn)
 g - a cursed +0 robe
 i - a +0 cloak (worn)
 m - a +2 ring mail of poison resistance (worn)
 s - a +0 pair of gloves (worn)
 z - a +2 robe of magic resistance
 A - the +0 pair of boots of the End (worn) {rN+}
   (You found it on level 7 of the Dungeon)

   It protects you from negative energy.
Jewellery
 n - a ring of protection from magic (left hand)
 C - an uncursed amulet of guardian spirit {unknown}
Wands
 b - a wand of acid (7)
 r - a wand of iceblast (8)
Scrolls
 j - 3 scrolls of immolation
 k - a scroll of remove curse
 o - 4 scrolls of amnesia
 p - 3 scrolls of fear
 q - 2 scrolls of blinking
 x - 2 scrolls of fog
 L - a scroll of identify
Potions
 d - 4 potions of magic
 h - 2 potions of haste {unknown}
 v - a potion of curing
 D - 2 potions of mutation
 E - 3 potions of lignification
Comestibles
 w - 10 rations


   Skills:
 - Level 3.6 Fighting
 + Level 5.9 Long Blades
 - Level 13.0 Axes
 - Level 9.9 Armour
 - Level 9.9 Dodging
 - Level 0.2 Stealth
 - Level 3.6 Shields


You had 10 spell levels left.
You didn't know any spells.
Your spell library contained the following spells:

 Spells                   Type           Power        Failure   Level  Hunger
 Confuse                  Hex            #.......     100%        3    ####...
 Summon Small Mammal      Summ           #...         95%         1    ##.....
 Summon Ice Beast         Ice/Summ       #.......     100%        4    #####..
 Call Imp                 Summ           #.......     99%         2    ###....
 Tukima's Dance           Hex            #.......     100%        3    ####...
 Call Canine Familiar     Summ           #.......     100%        3    ####...
 Ensorcelled Hibernation  Hex/Ice        #.....       99%         2    ###....
 Corona                   Hex            #......      95%         1    ##.....
 Dazzling Spray           Conj/Hex       #.....       100%        3    ####...
 Summon Lightning Spire   Summ/Air       #.......     100%        4    #####..
 Summon Guardian Golem    Hex/Summ       #.......     100%        3    ####...


Dungeon Overview and Level Annotations

Branches:
Dungeon (11/15)            Temple (0/1) D:5             Orc (1/2) D:10
   Lair: D:8-11

Altars:
Cheibriados
Elyvilon
Fedhas
Gozag
Qazlal
Uskayaw
Wu Jian
Xom
The Shining One

Shops:
D:5 %   D:8 (   D:10 :

Annotations:
D:9 exclusion: obsidian statue


Innate Abilities, Weirdness & Mutations

You reflexively headbutt those who attack you in melee.
You have a pair of horns on your head.
Your flesh is cold resistant. (rC+)
You are somewhat resistant to further mutation.


Message History

Your headbutt misses the red ugly thing.
The red ugly thing is lightly wounded.
You block the red ugly thing's attack.
You closely miss the red ugly thing.
The red ugly thing is lightly wounded.
You block the red ugly thing's attack. The orc closely misses you.
You slash the red ugly thing!
The red ugly thing is moderately wounded.
The red ugly thing completely misses you.
You riposte.
You slash the red ugly thing!
The red ugly thing is heavily wounded.
The orc barely misses you. The red ugly thing punches you!
You are engulfed in flames!!
* * * LOW HITPOINT WARNING * * *
As you read the scroll of teleportation, it crumbles to dust.
You feel strangely unstable. You block the orc's attack.
The red ugly thing punches you.
* * * LOW HITPOINT WARNING * * *
You are engulfed in flames!!
You die...

#.....(........
#..............
#..!...........
#..........# #
#####......# #.
#####.......## ..
#..............
#.####...........###
#..@uo.......##.##
########....###.##.# ##
#.#..#......# ##.
..#..........
#..############.##.......
#...††..........##.......
#####......<.#...........
#..........###....$..
#.....†...##.[.......


You could see a red ugly thing and an orc.

Vanquished Creatures
  A centaur zombie (D:10)
  Psyche (D:9)
  Grinder (D:4)
  Sigmund (D:4)
  A hippogriff (D:10)
  2 wyverns (D:11)
  3 hungry ghosts
  Grum (D:10)
  Edmund (D:4)
  An orc warrior (D:10)
  An ice beast (D:6)
  7 ogres
  A sky beast (D:8)
  A black bear (D:9)
  An eye of draining (D:10)
  A phantom (D:8)
  2 centaurs
  2 wolves (D:10)
  2 big kobolds
  Blork the orc (D:5)
  A bullfrog (D:8)
  A gnoll sergeant (D:8)
  4 scorpions
  18 wights
  21 killer bees
  6 howler monkeys
  5 crimson imps
  2 bullfrog zombies (D:5)
  A quasit (D:5)
  6 orc priests
  3 bullfrog skeletons
  3 centaur skeletons
  Crazy Yiuf (D:4)
  4 hounds
  3 jellies
  2 orc wizards
  An iguana (D:4)
  3 worker ants
  A killer bee zombie (D:6)
  A hound zombie (D:6)
  A howler monkey zombie (D:8)
  A worker ant zombie (D:5)
  4 gnolls
  6 adders
  3 river rats (Sewer)
  2 shadow imps
  2 oozes (Sewer)
  An adder skeleton (D:6)
  3 worms
  2 dart slugs
  7 leopard geckos
  22 orcs
  4 ball pythons
  7 bats
  7 giant cockroaches
  10 hobgoblins
  13 jackals
  8 quokkas
  A ball python skeleton (D:4)
  6 frilled lizards
  7 goblins
  19 kobolds
  15 rats
  2 fungi (D:4)
272 creatures vanquished.

Vanquished Creatures (others)
  17 plants (D:9)
17 creatures vanquished.

Grand Total: 289 creatures vanquished

Notes
Turn   | Place    | Note
-------+----------+-------------------------------------------
     0 | D:1      | camelman the Minotaur Fighter began the quest for the Orb.
     0 | D:1      | Reached XP level 1. HP: 19/19 MP: 0/0
    57 | D:1      | Reached skill level 3 in Axes
   153 | D:1      | Reached XP level 2. HP: 26/26 MP: 1/1
   269 | D:1      | Reached skill level 4 in Axes
   427 | D:1      | Reached XP level 3. HP: 25/31 MP: 2/2
  1377 | D:2      | Reached skill level 5 in Axes
  1877 | D:2      | Reached XP level 4. HP: 36/39 MP: 3/3
  2152 | D:3      | Reached skill level 1 in Dodging
  2416 | D:3      | Reached skill level 6 in Axes
  2416 | D:3      | Reached XP level 5. HP: 28/45 MP: 4/4
  2608 | D:3      | Found a glowing drain.
  2635 | Sewer    | Entered a sewer
  3041 | Sewer    | Reached skill level 7 in Axes
  3455 | D:3      | Found a snail-covered altar of Cheibriados.
  3716 | D:4      | Noticed Edmund
  3732 | D:4      | Killed Edmund
  3732 | D:4      | Reached skill level 8 in Axes
  3732 | D:4      | Reached XP level 6. HP: 48/51 MP: 5/5
  3744 | D:4      | Found an opulent altar of Gozag.
  4148 | D:4      | Noticed Sigmund
  4164 | D:4      | Killed Sigmund
  4164 | D:4      | Reached skill level 9 in Axes
  4164 | D:4      | Reached XP level 7. HP: 49/57 MP: 6/6
  4183 | D:4      | Noticed Grinder
  4190 | D:4      | Killed Grinder
  4190 | D:4      | Reached skill level 10 in Axes
  4260 | D:4      | Found a stormy altar of Qazlal.
  5050 | D:4      | Found a runed door.
  5054 | D:4      | Noticed Crazy Yiuf
  5061 | D:4      | Killed Crazy Yiuf
  5160 | D:5      | Entered Level 5 of the Dungeon
  5219 | D:5      | Reached skill level 11 in Axes
  5219 | D:5      | Reached XP level 8. HP: 51/64 MP: 7/7
  5364 | D:5      | Found an ornate altar of the Wu Jian Council.
  5364 | D:5      | Found a hide-covered altar of Uskayaw.
  5383 | D:5      | Became a worshipper of the Wu Jian Council
  5389 | D:5      | Found a white marble altar of Elyvilon.
  5392 | D:5      | Found a shimmering altar of Xom.
  5461 | D:5      | Found Mympon's Food Shoppe.
  5469 | D:5      | Bought a ration for 50 gold pieces
  5469 | D:5      | Bought a ration for 50 gold pieces
  5469 | D:5      | Bought a ration for 50 gold pieces
  5469 | D:5      | Bought a ration for 50 gold pieces
  5516 | D:5      | Found a staircase to the Ecumenical Temple.
  5799 | D:5      | Noticed Blork the orc
  5814 | D:5      | Killed Blork the orc
  5814 | D:5      | Reached skill level 12 in Axes
  6426 | D:6      | Reached skill level 13 in Axes
  6690 | D:6      | Found a glowing golden altar of the Shining One.
  6850 | D:7      | Got a pair of ancient boots
  6856 | D:7      | Identified the cursed +0 pair of boots of the End {rN+} (You found it on level 7 of the Dungeon)
  6896 | D:7      | Reached * piety under Wu Jian
  6899 | D:7      | Reached XP level 9. HP: 67/70 MP: 8/8
  7143 | D:7      | Reached skill level 5 in Dodging
  7579 | D:8      | Found a stormy altar of Qazlal.
  7586 | D:8      | Gained mutation: Your flesh is cold resistant. (rC+) [potion of mutation]
  7586 | D:8      | Gained mutation: You are somewhat resistant to further mutation. [potion of mutation]
  8285 | D:8      | Found a blossoming altar of Fedhas.
  8338 | D:8      | Reached ** piety under Wu Jian
  8373 | D:8      | Found Sairel's Weapon Emporium.
  8902 | D:9      | Noticed Psyche
  8909 | D:9      | Killed Psyche
  8920 | D:9      | Reached XP level 10. HP: 77/77 MP: 9/9
  9228 | D:9      | Found a blossoming altar of Fedhas.
  9243 | D:9      | Reached skill level 5 in Armour
  9297 | D:9      | Noticed an obsidian statue
  9298 | D:9      | Noticed a sun demon
  9526 | D:10     | Entered Level 10 of the Dungeon
  9768 | D:10     | Reached *** piety under Wu Jian
  9836 | D:10     | Noticed Grum
  9883 | D:10     | Killed Grum
 10133 | D:10     | Reached skill level 1 in Long Blades
 10301 | D:10     | Got a brightly glowing rapier
 10342 | D:10     | Found a staircase to the Orcish Mines.
 10345 | D:10     | Found Neaxzun's Book Boutique.
 11067 | Orc:1    | Entered Level 1 of the Orcish Mines
 11089 | Orc:1    | Noticed an orc high priest
 11105 | Orc:1    | Noticed an orange demon
 11268 | D:11     | Reached skill level 5 in Long Blades
 11282 | D:11     | Reached XP level 11. HP: 63/82 MP: 10/10
 11313 | D:11     | Noticed a red ugly thing
 11330 | D:11     | Mangled by a red ugly thing

Vault maps used:
D:1:      lightli_arrival_isolated_outpost, minmay_misc_feat_diagonals
D:2:      serial_park_tiny_1
D:3:      lemuel_doored_altar, portal_sewer_entry_f
D:4:      old_standard_altar, grunt_gozag_statues, first_ration,
          uniq_crazy_yiuf_cottage, uniq_sigmund, uniq_grinder, uniq_edmund
D:5:      grunt_temple_overflow_cloverleaf, minmay_temple_entry_mist,
          serial_shops, nicolae_shop_stone, corexii_item_surrounded_by_moat,
          uniq_blork_the_orc
D:6:      st_stairs_13, minivault_22, tso_altar
D:8:      basic_altar, serial_shops, shop, grunt_ogre_cave,
          nicolae_qazlal_style_of_elements
D:9:      fedhas_altar_1, david_lair_shrubbed, minivault_15, uniq_psyche
D:10:     orc_0_dummy, serial_shops, shop, uniq_grum
D:11:     uniq_sonja
Orc:1:    minmay_goldmine
Sewer:    sewer_co_15_rooms

Skill      XL: |  1  2  3  4  5  6  7  8  9 10 |
---------------+-------------------------------+-----
Axes           | 3 4 5 6 8 9 11 13 | 13.0
Dodging        | 1 3 9 |  9.9
Armour         | 9 |  9.9
Long Blades    | 5 |  5.9
Fighting       | |  3.6
Stealth        | |  0.2
Shields        | |  3.6

Action                   |  1- 3 |  4- 6 |  7- 9 | 10-12 || total
-------------------------+-------+-------+-------+-------++-------
Melee: War axe           |   118 |   182 |   390 |   213 ||   903
       Headbutt          |    24 |    22 |    62 |    44 ||   152
       Long sword        |       |       |       |    96 ||    96
Invok: Lunge             |       |       |    23 |    12 ||    35
       Wall Jump         |       |       |       |    15 ||    15
       Whirlwind         |       |       |       |     5 ||     5
  Use: Scroll            |     9 |     3 |     6 |     3 ||    21
       Potion            |     2 |     6 |     8 |     3 ||    19
  Eat: Ration            |     1 |     2 |     4 |     5 ||    12
       Chunk             |       |     3 |     2 |       ||     5
Armor: Scale mail        |    39 |       |       |       ||    39
       Ring mail         |       |    82 |    87 |    91 ||   260
Dodge: Dodged            |    43 |    66 |    88 |   163 ||   360
Block: Shield            |    56 |    72 |   132 |   189 ||   449
       Rpst.: Long sword |       |       |       |    18 ||    18

Table legend:
 A = Spawn XP
 B = Non-spawn XP
 C = Spawn XP percentage of total XP
 D = Spawn monster count
 E = Non-spawn monster count
 F = Spawn count percentage of total count
 G = Total turns spent on level
                    A         B        C        D         E        F      G
               +---------+---------+-------+---------+---------+-------+---------
         Total |       0 |   11208 |   0.0 |       0 |     270 |   0.0 | 11330
               +---------+---------+-------+---------+---------+-------+---------
           D:1 |       0 |      47 |   0.0 |       0 |      27 |   0.0 |   730
           D:2 |       0 |      56 |   0.0 |       0 |      18 |   0.0 |  1404
           D:3 |       0 |     144 |   0.0 |       0 |      35 |   0.0 |   801
           D:4 |       0 |     966 |   0.0 |       0 |      18 |   0.0 |  1674
           D:5 |       0 |     681 |   0.0 |       0 |      15 |   0.0 |  1011
           D:6 |       0 |     643 |   0.0 |       0 |      25 |   0.0 |   637
           D:7 |       0 |     691 |   0.0 |       0 |      18 |   0.0 |   752
           D:8 |       0 |    1399 |   0.0 |       0 |      27 |   0.0 |   888
           D:9 |       0 |    1906 |   0.0 |       0 |      22 |   0.0 |  1078
          D:10 |       0 |    3517 |   0.0 |       0 |      34 |   0.0 |  1659
          D:11 |       0 |     833 |   0.0 |       0 |      10 |   0.0 |    98
         Orc:1 |       0 |     239 |   0.0 |       0 |       2 |   0.0 |    47
         Sewer |       0 |      86 |   0.0 |       0 |      19 |   0.0 |   551
               +---------+---------+-------+---------+---------+-------+---------
